 Dungeon Crawl Stone Soup version 0.28-a0-1087-gf3fc490d9d (webtiles) character file.

Game seed: 11060894111239066830

50 yoda5477 the Insei (level 3, -1/27 HPs)
             Began as a Demonspawn Transmuter on Dec 10, 2021.
             Slain by a gnoll (7 damage)
             ... on level 1 of the Dungeon.
             The game lasted 00:09:24 (1922 turns).

yoda5477 the Insei (Demonspawn Transmuter)          Turns: 1922, Time: 00:09:25

Health: -1/27      AC:  3    Str: 12    XL:     3   Next: 55%
Magic:  5/6        EV: 11    Int: 16    God:
Gold:   38         SH:  0    Dex: 13    Spells: 3/6 levels left

rFire   . . .      SeeInvis .     - Unarmed
rCold   . . .      Faith    .   (no shield)
rNeg    . . .      Spirit   .   c - +0 leather armour
rPois   .          Reflect  .   (helmet currently unavailable)
rElec   .          Harm     .   (no cloak)
rCorr   .          Rampage  .   (no gloves)
Will    .....                   (boots currently unavailable)
Stlth   ++........              (no amulet)
HPRegen 0.09/turn               (no ring)
MPRegen 0.10/turn               (no ring)

@: appendages (expiring)
A: horns 2, talons 2, demonic guardian 1, big brain 1
a: End Transformation


You were on level 1 of the Dungeon.
You had temporarily grown beastly horns and talons.
You visited 1 branch of the dungeon, and saw 3 of its levels.

You collected 38 gold pieces.

Inventory:

Hand Weapons
 j - a +0 hunting sling
Missiles
 g - 2 throwing nets
 k - 38 bolts
Armour
 a - a +0 robe
 c - a +0 leather armour (worn)
 d - a +0 helmet (melded)
Scrolls
 e - a scroll of identify {unknown}
 h - a scroll of teleportation {unknown}
 i - 2 scrolls of fog {unknown}
Potions
 b - a potion of curing {unknown}
 f - a potion of attraction {unknown}


   Skills:
 * Level 1.8 Fighting
 + Level 2.0 Dodging
 * Level 1.6 Stealth
 + Level 2.9 Unarmed Combat
 - Level 2.0 Spellcasting
 * Level 2.3 Transmutations


You had 3 spell levels left.
You knew the following spells:

 Your Spells              Type           Power      Damage    Failure   Level
a - Beastly Appendage     Tmut           18%        N/A       11%         1
b - Wereblood             Tmut           9%         N/A       16%         2

Your spell library contained the following spells:

 Spells                   Type           Power      Damage    Failure   Level
 Spider Form              Tmut/Pois      5%         N/A       45%         3
 Ice Form                 Ice/Tmut       5%         N/A       86%         4
 Borgnjor's Revivificati  Necr           0%         N/A       100%        8
 Necromutation            Tmut/Necr      2%         N/A       100%        8
 Death's Door             Necr           0%         N/A       100%        9


Dungeon Overview and Level Annotations

Branches:
Dungeon (3/15)

Altars:

Annotations:
D:3 Terence


Innate Abilities, Weirdness & Mutations

You have temporarily grown beastly horns and talons.
A weak demonic guardian rushes to your aid.
You have an unusually large brain. (Int +2)


Message History

The gnoll is heavily wounded.
The gnoll barely misses you. The gnoll misses you.
You barely miss the gnoll. You claw the gnoll, but do no damage.
The gnoll is heavily wounded.
The gnoll hits you from afar with a +0 spear.
A demonic guardian appears!
The gnoll hits you with a +0 halberd!
You swap places.
Your transformation is almost over.
Your white imp hits the gnoll.
Your white imp freezes the gnoll.
The gnoll hits your white imp with a +0 halberd.
There is a stone staircase leading up, spattered with blood here.
The gnoll hits your white imp with a +0 halberd!
Your white imp dies!
Your white imp disappears in a puff of smoke!
You climb upwards.
There is a stone staircase leading down, spattered with blood here.
You start resting.
Your horns disappear.
Your talons disappear.
Your +0 helmet unmelds from your body.
You start resting.
HP restored.
Casting: Beastly Appendage (safe; 11% risk of failure)
Confirm with . or Enter, or press ? or * to list all spells.
You grow a pair of large bovine horns.
Your feet morph into talons.
Your +0 helmet melds into your body.
Your transformation is almost over.
You climb downwards.
The gnoll hits you with a +0 halberd!
There is a stone staircase leading up, spattered with blood here.
You hit the gnoll.
The gnoll is moderately wounded.
The gnoll hits you with a +0 halberd!
The gnoll hits you from afar with a +0 spear.
* * * LOW HITPOINT WARNING * * *
The gnoll closely misses you.
You climb upwards.
There is a stone staircase leading down, spattered with blood here.
You hit the gnoll. You claw the gnoll.
The gnoll is heavily wounded.
The gnoll hits you with a +0 halberd!
You die...

#.##......#
#...#
#......#
##..# .
#......#
#..#
####......#
#..#
..........#
#..#
#####.....#
#..#
#####'#####
#..#
#.........#
#g$#
#.........#
#.@#
#.........#
####
#.........#
#.........#
##.........#
.##....#####
.##....#
.._....#
..#...##


You could see a gnoll.

Vanquished Creatures
  2 adders (D:2)
  2 ball pythons
  5 endoplasms
  A giant cockroach (D:2)
  2 goblins (D:1)
  4 hobgoblins
  A frilled lizard (D:1)
  A kobold (D:1)
  2 rats
20 creatures vanquished.

Vanquished Creatures (collateral kills)
  A gnoll (D:1)
1 creature vanquished.

Vanquished Creatures (others)
  A rat (D:1)
1 creature vanquished.

Grand Total: 22 creatures vanquished

Notes
Turn   | Place    | Note
-------+----------+-------------------------------------------
     0 | D:1      | yoda5477 the Demonspawn Transmuter began the quest for the
                  | Orb.
     0 | D:1      | Reached XP level 1. HP: 15/15 MP: 3/3
    22 | D:1      | Found a faded altar of an unknown god.
   664 | D:1      | Gained mutation: A weak demonic guardian rushes to your
                  | aid. [demonic ancestry]
   664 | D:1      | Reached XP level 2. HP: 15/21 MP: 3/5
  1135 | D:2      | Reached skill level 1 in Stealth
  1272 | D:2      | Gained mutation: You have an unusually large brain. (Int
                  | +2) [demonic ancestry]
  1272 | D:2      | Reached XP level 3. HP: 26/26 MP: 4/6
  1276 | D:3      | Noticed Terence
  1373 | D:2      | Learned a level 2 spell: Wereblood
  1922 | D:1      | Slain by a gnoll

Illustrated notes

Levels and vault maps discovered:
D:1:      denvon_arrival_planthouse, layout_basic, basic_ecumenical_altar,
          hangedman_decor_points, lemuel_flame_loot_1
D:2:      layout_basic, minmay_misc_feat_cross
D:3:      layout_rooms, serial_undead, serial_undead_d, serial_undead_c,
          serial_undead_f, serial_undead_e, ebering_ghost_sewer_d, uniq_terence

Skill      XL: |  1  2  3 |
---------------+----------+-----
Transmutations | 2 |  2.3
Stealth        | 1 |  1.6
Dodging        | 2 |  2.0
Fighting       | |  1.8
Unarmed Combat | |  2.9
Spellcasting   | |  2.0

Action                   || total
-------------------------++-------
Melee: Unarmed           ||    72
       Kick              ||    15
       Headbutt          ||     5
 Cast: Beastly Appendage ||    14
 Stab: Sleeping          ||     1
Armor: Robe              ||     1
       Leather armour    ||     7
Dodge: Dodged            ||    42

Table legend: (Time is in decaauts)
 A = Elapsed time spent in this place.
 B = Non-inter-level travel time spent in this place.
 C = Inter-level travel time spent in this place.
 D = Time resting spent in this place.
 E = Time spent auto-exploring this place.
 F = Levels seen in this place.
 G = Mean time per level.
                   A        B        C        D        E       F      G
               +--------+--------+--------+--------+--------+-----+--------+
         Total |   1923 |   1923 |      0 |   1203 |     44 |   3 |  641.0 |
       Dungeon |   1923 |   1923 |      0 |   1203 |     44 |   3 |  641.0 |
               +--------+--------+--------+--------+--------+-----+--------+

Top non-repeatable levels by time:
     D:1: 1496 daAuts
     D:2: 425 daAuts
     D:3: 1 daAuts
